[Event "9. Korbacher Open 2017"]
[Site "Korbach"]
[Date "2017.10.21"]
[Round "4"]
[White "Goetz, Jan"]
[Black "Braun, Ingram"]
[Result "0-1"]
[ECO "A43"]
[WhiteElo "1890"]
[BlackElo "2042"]
[Annotator "NA"]
[PlyCount "106"]
[EventDate "2017.??.??"]
[EventType "swiss"]
[EventCountry "GER"]
[SourceTitle "playchess.com"]
[Source "ChessBase"]
[SourceQuality "1"]
[TimeControl "40/5400+30:1800+30"]

1. d4 c5 2. d5 d6 3. e4 g6 4. c4 Bg7 5. Nc3 e6 6. Nf3 Ne7 7. Bf4 {[%emt 0:01:47] A43: Schmid Benoni} (7. h4 h6 8. Be3 a6 9. a4 exd5 10. cxd5 Bg4 11. Be2 f5 12. Ng1 Qb6 13. Qc2 O-O 14. Bxg4 fxg4 {½-½ (40) Deac,B (2572)-Svidler,P (2748) Caleta 2017}) 7... e5 {[%emt 0:12:43] LiveBook: 9 Games} 8. Be3 O-O 9. Be2 a6 10. Qd2 $146 ({Predecessor:} 10. Nd2 f5 11. f3 Nd7 12. O-O Nf6 13. a3 f4 14. Bf2 g5 15. b4 b6 16. bxc5 bxc5 {0-1 (62) Vasilyev,V (2280)-Tillyaev,U (2404) Moscow 2015}) 10... Nd7 11. Bh6 (11. g4 $14) 11... f5 12. h4 f4 (12... Nf6 $11 {remains equal.}) 13. Bxg7 Kxg7 14. h5 Nf6 15. hxg6 hxg6 (15... Nxg6 $16 16. O-O-O Ng4) 16. O-O-O Ng4 17. Rdf1 Ng8 18. Nh2 N4h6 19. Rfg1 Bd7 20. g3 Qf6 21. Nf3 fxg3 22. Rxg3 (22. fxg3 $142 Nf7 23. b3) 22... Qf4 23. Rhg1 Ne7 24. R1g2 Rf6 25. Ng5 Qxd2+ 26. Kxd2 Nf7 27. Nf3 Rh8 28. Nh2 Bh3 29. Ng4 (29. Rg1 $11) 29... Bxg2 (29... Rf4 $15 30. Rh2 Bxg4 31. Rxh8 Kxh8 32. Rxg4 Rxf2) 30. Nxf6 Kxf6 31. Rxg2 g5 32. Bg4 Ng6 33. Na4 Nf4 34. Rg1 b5 35. cxb5 axb5 36. Nc3 b4 37. Ne2 Ra8 38. Nxf4 $2 (38. Ra1 $11 {and White stays safe.}) 38... exf4 39. Ra1 Ne5 40. Bf5 Ra7 41. Kc2 $1 Nf3 42. Kd3 {[%emt 0:00:00] [#]} Ne5+ $2 (42... g4 $1 $19 43. Rh1 (43. Bxg4 Ne5+) 43... Ne5+ 44. Kc2 Rxa2) 43. Kc2 c4 44. a4 $19 Nf3 45. Bg4 Nd4+ 46. Kd1 Ke5 47. f3 Rh7 48. Ra2 Rh1+ 49. Kd2 Nb3+ 50. Ke2 Nc1+ 51. Kd2 Nxa2 52. a5 Rh2+ 53. Ke1 c3 0-1

[Event "9. Korbacher Open 2017"]
[Site "Korbach"]
[Date "2017.10.21"]
[Round "4"]
[White "Kirchner, Markus"]
[Black "Mohammadi, Sholeh"]
[Result "1-0"]
[ECO "B01"]
[WhiteElo "1884"]
[BlackElo "1190"]
[Annotator "NA RC"]
[PlyCount "95"]
[EventDate "2017.??.??"]
[EventType "swiss"]
[EventCountry "GER"]
[SourceTitle "playchess.com"]
[Source "ChessBase"]
[SourceQuality "1"]
[TimeControl "40/5400+30:1800+30"]

1. e4 d5 2. exd5 Qxd5 3. Nc3 Qd8 4. Bc4 a6 5. d4 e6 6. a4 Bb4 7. Nge2 b6 8. O-O Bb7 9. f3 (9. Nf4 $14) 9... Nc6 10. Ne4 Nge7 11. c3 Bd6 12. Nxd6+ cxd6 13. Bd3 d5 14. Qe1 f5 $2 (14... O-O $14) 15. Nf4 Bc8 16. Nxe6 Bxe6 17. Qxe6 Qd7 18. Qxd7+ Kxd7 19. Bf4 h6 20. h4 g5 21. hxg5 hxg5 22. Bxg5 Rh5 23. f4 a5 24. Rfe1 Rah8 25. Kf2 Rh2 26. Re3 Rf8 27. Rae1 Rf7 28. Bb5 Kd6 29. Re6+ Kc7 30. Bxe7 Nxe7 31. Rxe7+ Rxe7 32. Rxe7+ Kd6 33. Rb7 Rh4 34. Kg3 Rg4+ 35. Kf3 Rxf4+ 36. Kxf4 Ke6 37. Rxb6+ Ke7 38. Bc4 dxc4 39. Kxf5 Kd7 40. Re6 Kc7 41. Ke5 Kd7 42. Kd5 Kc7 43. Kc5 Kd7 44. Re5 Kc7 45. Re7+ Kd8 46. Kd6 Kc8 47. Kc6 Kd8 48. Re6 1-0

[Event "9. Korbacher Open 2017"]
[Site "Korbach"]
[Date "2017.10.21"]
[Round "4"]
[White "Launert, Martin"]
[Black "Rubina, Tatiana"]
[Result "0-1"]
[ECO "B34"]
[WhiteElo "1879"]
[BlackElo "2022"]
[Annotator "NA RC"]
[PlyCount "48"]
[EventDate "2017.??.??"]
[EventType "swiss"]
[EventCountry "GER"]
[SourceTitle "playchess.com"]
[Source "ChessBase"]
[SourceQuality "1"]
[TimeControl "40/5400+30:1800+30"]

1. e4 c5 2. Nf3 Nc6 3. d4 cxd4 4. Nxd4 Nf6 5. Nc3 g6 6. Nxc6 bxc6 7. e5 Ng8 8. Bf4 {[%emt 0:08:08] B34: Sicilian: Accelerated Dragon with 5 Nc3: sidelines} (8. Bc4 $16 Qc7 9. Bf4 Bg7 10. Bxf7+ Kd8 11. Qe2 Nh6 12. Bb3 Rf8 13. g3 Rb8 14. O-O-O Rb4 15. Bd2 Qb8 16. f4 {1-0 (28) Popilski,G (2542)-Kamsky,G (2660) Calgary 2016}) 8... Qb6 $146 ({Predecessor:} 8... Bg7 9. Qf3 Nh6 10. Bc4 O-O 11. O-O-O Qb6 12. Rd3 Nf5 13. g4 Nd4 14. Qe4 Ne6 15. Bxe6 fxe6 {1-0 (27) Agrest,I (2121)-Narmontas,M (2367) Oslo 2007}) 9. Rb1 ({White should play} 9. Qd2 $16) 9... Bg7 10. Bc4 $2 (10. Qf3 $14 {behält die Oberhand.}) 10... Qb4 11. Qd3 {[%emt 0:00:53] [#]} Ba6 $2 (11... d5 $1 $19 12. exd6 Bf5) 12. b3 (12. Rd1 $5 Rd8 13. b3 $14 (13. Bxa6 Qxf4 14. O-O Bxe5 $11)) 12... Bxc4 (12... d5 $5 13. Bxa6 Qxf4 $11) 13. bxc4 Qa5 14. O-O Bxe5 15. Bxe5 Qxe5 16. Rfe1 Qc7 $2 {[%emt 0:17:36] [#]} (16... Qg7 $14) 17. Qd4 (17. Ne4 $1 $18) 17... f6 18. c5 $2 ({White should play} 18. Ne4 $16) 18... Rb8 {[%emt 0:04:15] [#]} (18... Kf8 $11) 19. Rxb8+ $1 Qxb8 {[%emt 0:00:02] [#]} 20. Ne4 $1 Qd8 {[%emt 0:05:18] [#]} 21. Nxf6+ $1 Nxf6 22. Qxf6 Rf8 23. Qg7 e6 24. Qxh7 $4 (24. Rb1 $18) 24... Qf6 $19 0-1

[Event "9. Korbacher Open 2017"]
[Site "Korbach"]
[Date "2017.10.21"]
[Round "4"]
[White "Timar-Geng, Zoltan"]
[Black "Lesny, Florian"]
[Result "1-0"]
[ECO "D00"]
[WhiteElo "1859"]
[BlackElo "1997"]
[Annotator "NA"]
[PlyCount "65"]
[EventDate "2017.??.??"]
[EventType "swiss"]
[EventCountry "GER"]
[SourceTitle "playchess.com"]
[Source "ChessBase"]
[SourceQuality "1"]
[TimeControl "40/5400+30:1800+30"]

1. d4 d5 2. Bf4 Nf6 3. e3 e6 4. Nd2 c5 5. c3 Nc6 6. Bd3 Bd6 7. Bg3 b6 8. Ngf3 O-O 9. Ne5 Bb7 10. f4 {[%emt 0:02:32] D02: 1 d4 d5 2 Nf3 sidelines, including 2...Nf6 3 g3 and 2...Nf6 3 Bf4} (10. O-O Qc7 11. f4 Ne7 12. Qb1 Qc8 13. Bh4 Nf5 14. Bxf5 exf5 15. Bxf6 gxf6 16. Nef3 Qe6 17. Re1 Ba6 18. Nh4 cxd4 19. exd4 {1-0 (28) Korobov,A (2692)-Dominguez Perez,L (2739) Doha 2016}) 10... Ne7 {[%emt 0:07:46] LiveBook: 72 Games} 11. O-O Nf5 12. Bf2 Be7 13. g4 Nd6 $1 14. g5 $146 ({Predecessor:} 14. Bh4 Nfe4 15. Bxe7 Qxe7 16. g5 f6 17. Bxe4 dxe4 18. gxf6 gxf6 {0-1 (38) Slobodnik,M (2097)-Ondrus,M (2296) Slovakia 2016}) 14... Nfe4 15. Nxe4 Nxe4 (15... dxe4 $15 16. Be2 cxd4 17. cxd4 f6 18. gxf6 gxf6) 16. Qh5 Rc8 17. Be1 c4 18. Bc2 Bd6 {[%emt 0:23:08] [#]} 19. Rf3 $1 Bxe5 20. dxe5 f6 $2 (20... Kh8 {was called for.} 21. Rd1 Qe8 22. Bxe4 dxe4) 21. Rh3 fxg5 (21... h6 $142 22. exf6 (22. gxh6 Rc7 $18) 22... Qc7) 22. Qxh7+ Kf7 23. Qh5+ $2 (23. Bxe4 dxe4 24. f5) 23... Kg8 $2 (23... Ke7 24. Bxe4 (24. fxg5 Rf5 $16) 24... dxe4) 24. Bxe4 dxe4 25. fxg5 Qd3 26. Qh7+ Kf7 27. Bh4 Ke8 28. Qh5+ Ke7 (28... g6 {is a better defense.} 29. Qxg6+ Kd7) 29. g6+ Ke8 30. Qg5 $2 (30. Rd1 Rf5 31. Qg4 (31. Rxd3 Rxh5 32. Rd6 Rh6 $16)) 30... Rc7 $2 (30... Kd7 31. Qe7+ Kc6 32. Qxe6+ Kc7 33. Qe7+ Kb8) 31. Qg4 Rf3 32. Qxe6+ Kf8 33. Be7+ 1-0

[Event "9. Korbacher Open 2017"]
[Site "Korbach"]
[Date "2017.10.21"]
[Round "4"]
[White "Plaza Reino, Mercedes"]
[Black "Sakhra, Roman"]
[Result "1-0"]
[ECO "A03"]
[WhiteElo "1822"]
[BlackElo "1489"]
[Annotator "NA"]
[PlyCount "105"]
[EventDate "2017.??.??"]
[EventType "swiss"]
[EventCountry "GER"]
[SourceTitle "playchess.com"]
[Source "ChessBase"]
[SourceQuality "1"]
[TimeControl "40/5400+30:1800+30"]

1. f4 d5 2. b3 Bf5 3. Nf3 e6 4. e3 Bd6 5. Bb2 Nf6 {[%emt 0:00:18] LiveBook: 4 Partien} 6. Be2 Nbd7 7. O-O {[%emt 0:00:12] A03: Bird's Opening with 1...d5} O-O (7... h6 8. Ne5 a5 9. a4 c6 10. Nxd7 Qxd7 11. d3 Qe7 12. Nd2 Bc5 13. d4 Bd6 14. Bd3 O-O {0-1 (65) Manukian,G (2302)-Amanov,Z (2394) Los Angeles 2010}) 8. Ne5 c5 9. d3 Qc7 10. Nxd7 $146 ({Predecessor:} 10. Qe1 Nxe5 11. fxe5 Bxe5 12. Nc3 Bxh2+ 13. Kh1 Bg3 {0-1 (44) Garcia Iturriaga,M (1961)-Dorado Reboredo,J Arteixo 2007}) 10... Nxd7 11. Qe1 Be7 $2 {[%emt 0:17:45] [#]} (11... a6 $11) 12. g4 $1 Bg6 {[%emt 0:07:54] [#]} 13. f5 $1 exf5 14. gxf5 Bf6 15. Bxf6 Nxf6 16. fxg6 Qe5 17. gxh7+ Nxh7 18. Nd2 Qxe3+ 19. Kh1 Rae8 20. Bf3 Qh6 21. Qf2 Re5 22. Rae1 Rf5 23. Qe3 Qd6 24. Bg2 Rh5 25. Qf4 Qd8 26. Nf3 Nf6 27. Re5 Re8 28. Rxe8+ Qxe8 29. Re1 Qd7 30. Qg3 Ng4 31. Kg1 d4 (31... Nf6 $142 32. Qb8+ Kh7) 32. Bh3 f5 33. Bxg4 fxg4 34. Ne5 Qf5 35. Nxg4 Rg5 36. h3 Rg6 37. Kh2 Re6 38. Rxe6 Qxe6 39. Qe5 Qb6 40. Qe8+ Kh7 41. Qe4+ Kh8 42. a4 Qb4 43. Qe2 a6 44. Ne5 Kg8 45. Nf3 Qb6 46. Qe8+ Kh7 47. Qh5+ Kg8 48. Qe5 Qb4 49. Qf4 (49. Qe8+ $142 Kh7 50. Kg3 Qd2 51. Nxd2 Kh6 52. Nf3 b6 53. Kg4 g5 54. Qh8+ Kg6 55. Ne5#) 49... Qc3 50. Qd2 Qa1 51. Kg2 b5 52. Ng5 Qb2 53. Qf2 1-0

[Event "9. Korbacher Open 2017"]
[Site "Korbach"]
[Date "2017.10.21"]
[Round "4"]
[White "Held, Martin"]
[Black "Mak, Nico"]
[Result "1/2-1/2"]
[ECO "C00"]
[WhiteElo "1821"]
[BlackElo "1799"]
[Annotator "NA RC"]
[PlyCount "22"]
[EventDate "2017.??.??"]
[EventType "swiss"]
[EventCountry "GER"]
[SourceTitle "playchess.com"]
[Source "ChessBase"]
[SourceQuality "1"]
[TimeControl "40/5400+30:1800+30"]

1. e4 e6 2. d3 d5 3. Nd2 c5 4. Ngf3 Nc6 5. g3 Nf6 6. Bg2 Be7 7. O-O O-O 8. e5 Nd7 9. Re1 f6 10. exf6 Nxf6 {[%emt 0:00:03] LiveBook: 3 Partien} 11. Bh3 Nb8 $14 (11... Qe8 $11) 1/2-1/2

[Event "9. Korbacher Open 2017"]
[Site "Korbach"]
[Date "2017.10.21"]
[Round "4"]
[White "Powalla, Christian"]
[Black "Hildebrand, Georg"]
[Result "1-0"]
[ECO "A40"]
[WhiteElo "1816"]
[BlackElo "1477"]
[Annotator "NA RC"]
[PlyCount "81"]
[EventDate "2017.??.??"]
[EventType "swiss"]
[EventCountry "GER"]
[SourceTitle "playchess.com"]
[Source "ChessBase"]
[SourceQuality "1"]
[TimeControl "40/5400+30:1800+30"]

1. d4 b6 2. e4 Bb7 3. Bd3 e6 4. Nf3 Be7 5. c4 {[%emt 0:00:20] B00: Queen's Fianchetto Defence, Nimzowitsch Defence} (5. O-O Nf6 6. Qe2 c5 7. c3 cxd4 8. cxd4 d6 9. Nc3 Nbd7 10. a3 O-O 11. b4 Rc8 12. Bd2 Qc7 13. Rac1 Qb8 14. Rfe1 Ne8 15. Bb5 {0-1 (42) Klima,L (2339)-Lojek,M (2102) Karvina 2016}) 5... h6 6. Nc3 a6 7. O-O $146 ({Predecessor:} 7. Be3 g5 8. h3 d6 9. e5 Nd7 10. exd6 cxd6 11. d5 e5 12. Qd2 {½-½ (21) Schmehl,T (1719)-Hildebrand,G (1513) Bad Zwesten 2017}) 7... Bg5 (7... d6 $16) 8. Nxg5 hxg5 9. f4 Nc6 (9... gxf4 $142 10. Bxf4 d6) 10. d5 ({Bloß nicht} 10. fxg5 $6 Nxd4 11. Qd2 Qe7 $16) 10... Nb4 11. Bb1 ({Don't play} 11. fxg5 $6 Nxd3 12. Qxd3 Ne7 $18) 11... Qe7 12. a3 Qc5+ 13. Kh1 Nxd5 14. cxd5 ({But not} 14. exd5 g4 $18) 14... O-O-O 15. Qe2 gxf4 16. Bxf4 f6 (16... Nf6 $142 17. Bd3 Nh5 18. Bxa6 Nxf4 19. Rxf4 f6) 17. Bd3 g5 18. Bg3 Rf8 19. b4 Qd4 20. Bxa6 Qxc3 {[%emt 0:04:05] [#]} 21. Bxc7 $1 Ne7 22. Rfc1 Qxc7 23. Rxc7+ Kxc7 {[%emt 0:00:14] [#]} 24. d6+ $1 Kxd6 25. Bxb7 Ng6 26. Rd1+ Ke7 27. Qb5 Ne5 28. Qxb6 Rxh2+ 29. Kxh2 Rh8+ 30. Kg1 Rh4 31. Qd6+ Kf7 32. a4 Rg4 33. a5 Nf3+ 34. Kf2 Ne5 35. a6 Rf4+ 36. Kg1 Rg4 37. a7 Nf3+ 38. Kf2 Ne5 39. a8=Q Rf4+ 40. Kg1 Nc4 41. Qdf8+ 1-0

[Event "9. Korbacher Open 2017"]
[Site "Korbach"]
[Date "2017.10.21"]
[Round "4"]
[White "Achermann, Didier"]
[Black "Alkayas, Shadi"]
[Result "0-1"]
[ECO "C61"]
[WhiteElo "1811"]
[BlackElo "1975"]
[Annotator "NA"]
[PlyCount "144"]
[EventDate "2017.??.??"]
[EventType "swiss"]
[EventCountry "GER"]
[SourceTitle "playchess.com"]
[Source "ChessBase"]
[SourceQuality "1"]
[TimeControl "40/5400+30:1800+30"]

1. e4 e5 2. Nf3 Nc6 3. Bb5 Nd4 4. Bc4 Bc5 5. O-O ({Much worse is} 5. Nxe5 Qg5 $17) 5... d5 {[%emt 0:02:26] C64: Ruy Lopez: Classical Defence (3...Bc5) except 4 0-0 Nf6} (5... Nxf3+ $11 {hält das Gleichgewicht.} 6. Qxf3 Nf6 (6... Qf6 7. Qg3 d6 8. Nc3 c6 9. d3 Qg6 10. Qxg6 hxg6 11. Bd2 Nf6 12. Bb3 a5 13. a4 Ke7 14. Ne2 Bb6 15. Rae1 {0-1 (48) Bajarani,U (2504)-Bernadskiy,V (2565) Moscow 2014})) 6. Bxd5 Bg4 7. Bxf7+ $1 ({Not} 7. Bxb7 $2 Qf6 $19) 7... Kf8 {[%emt 0:00:01] [#]} (7... Ke7 $16) 8. c3 $4 $146 {[%emt 0:00:26] [#]} (8. Nxd4 $1 $18 Bxd1 9. Ne6+ Kxf7 10. Nxd8+ Rxd8 11. Rxd1) ({Predecessor:} 8. Bc4 Nxf3+ 9. Kh1 Nxh2 10. f3 Qh4 11. Qe1 Qh5 12. fxg4+ {1-0 (12) Toro Castaneda,E (1639)-Ocampo,D (1839) Medellin 2014}) 8... Nxf3+ $1 9. gxf3 Bh3 10. d4 Qf6 $2 ({Black should play} 10... Kxf7 $19 11. f4 Qd6 12. Qh5+ Qg6+ 13. Qxg6+ hxg6) 11. Bh5 g6 12. Bg4 Bxf1 13. Kxf1 exd4 14. cxd4 Bxd4 ({Better is} 14... h5 $17 15. Bh3 Bxd4) 15. Nc3 $1 c6 16. Be3 Rd8 17. Qe2 Bxe3 18. fxe3 h5 19. Bh3 g5 20. Bg2 Rh7 21. Rc1 Rhd7 22. Rc2 Nh6 23. Kg1 Qd6 ({Black should try} 23... Nf7 $19 24. Bh3 {[#]} g4 $1 25. fxg4 Ng5) 24. Bf1 Rf7 25. Bg2 (25. Qg2 $17) 25... Qe6 26. Bf1 Kg7 27. Bg2 Ng8 (27... Qd6 $142 28. Bf1 Qf6) 28. Qe1 Ne7 29. Rf2 (29. h4 $15) 29... Ng6 30. Qf1 (30. Ne2 $17) 30... Rdf8 31. b3 (31. Ne2 $17) 31... Nh4 32. f4 g4 $2 (32... Kh6 $19 33. f5 Qe5) 33. e5 Nf5 34. Qe1 g3 (34... Rd7 $11) 35. hxg3 Nxg3 {[%emt 0:00:12] [#]} 36. Ne4 (36. Rd2 $1 $16 Qg4 37. Kh2 Qh4+ 38. Bh3) 36... Nxe4 37. Bxe4 Kh8 38. Rh2 Rg7+ 39. Kh1 Qg4 40. Rh4 Qg3 41. Qxg3 Rxg3 42. Rxh5+ Kg7 43. Rh7+ Kg8 44. Rxb7 Rxe3 45. Bxc6 Rxf4 46. Kg2 Rxe5 47. Kg3 $17 (47. Rxa7 $15 Rf6 48. Ra8+ Kf7 49. Ra7+ Kf8 50. Ra8+ Kg7 51. Ra7+ Kg6 52. Rc7) 47... Rf6 48. Ba4 Rg5+ 49. Kh4 Rg1 50. Kh5 Rf2 51. Rb4 Rxa2 52. Rf4 Rh2+ 53. Rh4 Rxh4+ 54. Kxh4 a5 55. Bd7 Kg7 56. Bg4 Kf6 57. Kh3 Rb1 58. Kg3 Rxb3+ 59. Kf2 Ke5 60. Bd1 Rc3 61. Ke2 Kd4 62. Kd2 Kc4 63. Ba4 Kb4 64. Be8 Rc7 65. Bg6 Ka3 66. Bf5 Kb2 67. Be6 Rc6 68. Bf7 Rd6+ 69. Ke3 a4 70. Bc4 a3 71. Bf7 a2 72. Bxa2 Kxa2 {[%emt 0:00:00] Kd4} 0-1

[Event "9. Korbacher Open 2017"]
[Site "Korbach"]
[Date "2017.10.21"]
[Round "4"]
[White "Hild, Sebastian"]
[Black "Schmidt, Matthias"]
[Result "1/2-1/2"]
[ECO "B72"]
[WhiteElo "1786"]
[BlackElo "2031"]
[Annotator "NA"]
[PlyCount "97"]
[EventDate "2017.??.??"]
[EventType "swiss"]
[EventCountry "GER"]
[SourceTitle "playchess.com"]
[Source "ChessBase"]
[SourceQuality "1"]
[TimeControl "40/5400+30:1800+30"]

1. e4 c5 2. Nf3 Nc6 3. d4 cxd4 4. Nxd4 Nf6 5. Nc3 d6 6. Be2 g6 7. Be3 Bg7 8. Qd2 Ng4 9. Bxg4 {[%emt 0:02:39] LiveBook: 25 Games} Bxg4 10. f3 Bd7 {[%emt 0:00:55] B72: Sicilian Dragon: 6 Be3, lines with h3+Bc4 and sidelines} 11. Nde2 (11. h4 Ne5 12. b3 Rc8 13. h5 gxh5 14. Rxh5 Qa5 15. Nd5 Qxd2+ 16. Kxd2 e6 17. Nf4 Ng6 18. Nd3 {1-0 (48) Vachier Lagrave,M (2796)-Jones,G (2665) chess.com INT 2017}) 11... Qa5 12. Nd5 $146 ({Predecessor:} 12. Bh6 O-O 13. h4 Rfc8 14. Bxg7 Kxg7 15. h5 g5 16. h6+ Kg8 17. f4 gxf4 18. Nxf4 {½-½ (59) Olape,B (2245)-Rakotomaharo,Y (1977) Maputo 2011}) 12... Qxd2+ 13. Bxd2 Rc8 14. c3 Ne5 15. O-O Bb5 16. Rf2 Nd3 17. Nd4 Bxd4 18. cxd4 Nxf2 19. Kxf2 Rc2 20. Ke1 Bc6 $2 ({Günstiger ist} 20... Rxb2 $19 21. a4 Bc6) 21. Nb4 (21. Ne3 $15 Rxb2 22. Bc3) 21... Rxb2 22. d5 Bb5 23. a4 Rxb4 24. Bxb4 Ba6 25. Bc3 O-O 26. Bd4 f5 27. Kd2 fxe4 28. fxe4 Rc8 29. Bxa7 Rc4 30. Ke3 Rc2 31. Kf3 Be2+ 32. Kf4 Bc4 33. Kf3 g5 34. h3 Kg7 35. a5 Kg6 36. Re1 h5 37. Be3 h4 38. Rc1 Be2+ 39. Kf2 Ra2 40. Bb6 Bd3+ 41. Kf3 $11 Ba6 42. Re1 Ra3+ 43. Re3 Ra1 44. Rb3 Ra2 45. Re3 Bf1 46. g3 Bg2+ 47. Kg4 Ra4 48. gxh4 gxh4 49. Kf4 1/2-1/2

[Event "9. Korbacher Open 2017"]
[Site "Korbach"]
[Date "2017.10.21"]
[Round "4"]
[White "Aardenburg, Piet"]
[Black "Buese, Ralf"]
[Result "1/2-1/2"]
[ECO "C01"]
[WhiteElo "1782"]
[BlackElo "1892"]
[Annotator "NA RC"]
[PlyCount "28"]
[EventDate "2017.??.??"]
[EventType "swiss"]
[EventCountry "GER"]
[SourceTitle "playchess.com"]
[Source "ChessBase"]
[SourceQuality "1"]
[TimeControl "40/5400+30:1800+30"]

1. e4 e6 2. d4 d5 3. exd5 exd5 4. Bd3 Nc6 5. c3 Bd6 6. Nf3 Nge7 7. O-O Bg4 8. Nbd2 Qd7 {[%emt 0:03:27] LiveBook: 61 Games} 9. b4 O-O 10. Qc2 Bf5 11. Re1 Bxd3 12. Qxd3 Ng6 13. Nf1 Nce7 14. Ng3 c6 $11 1/2-1/2

[Event "9. Korbacher Open 2017"]
[Site "Korbach"]
[Date "2017.10.21"]
[Round "4"]
[White "Rehbein, Ullrich"]
[Black "Shkolnyk, Boris"]
[Result "0-1"]
[ECO "C00"]
[WhiteElo "1778"]
[BlackElo "1812"]
[Annotator "NA"]
[PlyCount "64"]
[EventDate "2017.??.??"]
[EventType "swiss"]
[EventCountry "GER"]
[SourceTitle "playchess.com"]
[Source "ChessBase"]
[SourceQuality "1"]
[TimeControl "40/5400+30:1800+30"]

1. e4 e6 2. Qe2 c5 3. Nf3 Nc6 4. g3 g6 5. Bg2 Bg7 6. O-O Nge7 7. d3 {[%emt 0:03:06] LiveBook: 112 Games} O-O 8. Nbd2 {[%emt 0:06:25] C00: French: Unusual White 2nd moves} b5 (8... d5 $15) (8... e5 9. c3 d5 10. exd5 Nxd5 11. Nb3 b6 12. d4 exd4 13. cxd4 Re8 14. Qc4 {0-1 (42) Dvoirys,S (2584)-Baron,T (2506) Rishon Le Ziyyon 2015}) 9. a4 b4 $1 10. Nb3 $146 ({Predecessor:} 10. e5 Nf5 11. Nb3 Rb8 12. g4 Nfd4 13. Nfxd4 Nxd4 14. Nxd4 cxd4 15. f4 d6 16. exd6 {1-0 (26) Elfimov,K (1976)-Naletov,A (2050) Voronezh 2006}) 10... d6 11. Rd1 ({Lieber} 11. e5 $11) 11... a5 12. e5 dxe5 13. Nxc5 Qc7 14. Bd2 Nd5 15. Rab1 (15. Nb3 $11 {keeps the balance.}) 15... Nd4 16. Nxd4 Qxc5 (16... exd4 $17 17. Ne4 h6) 17. Nf3 Qc7 ({Better is} 17... Qxc2 $17 18. Nxe5 Qxa4) 18. h4 h6 19. Re1 Qxc2 20. Rec1 Qxa4 21. Nxe5 Qb5 22. Nc4 Rd8 23. Be4 Bb7 24. g4 Ra6 25. Qf3 f5 26. gxf5 exf5 27. Bxd5+ Bxd5 28. Qg3 Ba8 29. Re1 (29. Bf4 {is a better defense.}) 29... Qd5 30. Kh2 Kh7 31. Re7 Rd7 ({Finger weg von} 31... Qxd3 32. Qc7 $19) 32. Rbe1 $2 (32. Rxd7 Qxd7 33. Rg1) 32... Rxe7 $19 0-1

[Event "9. Korbacher Open 2017"]
[Site "Korbach"]
[Date "2017.10.21"]
[Round "4"]
[White "Deutsch, Christoph"]
[Black "Stahnke, Thorsten"]
[Result "0-1"]
[ECO "B35"]
[WhiteElo "1755"]
[BlackElo "2026"]
[Annotator "NA RC"]
[PlyCount "96"]
[EventDate "2017.??.??"]
[EventType "swiss"]
[EventCountry "GER"]
[SourceTitle "playchess.com"]
[Source "ChessBase"]
[SourceQuality "1"]
[TimeControl "40/5400+30:1800+30"]

1. e4 c5 2. Nf3 Nc6 3. d4 cxd4 4. Nxd4 g6 5. Nc3 Bg7 6. Be3 Nf6 7. Bc4 Qa5 8. O-O O-O 9. Bb3 d6 10. h3 Bd7 11. Qd2 (11. Re1 $14) 11... Nxd4 $1 {[%emt 0:05:24] LiveBook: 11 Games B35: Sicilian: Accelerated Dragon with 5 Nc3: main line} 12. Bxd4 {[%emt 0:03:42] [#]} Nxe4 $1 13. Nxe4 (13. Qe3 Bxd4 14. Qxe4 Bxc3 15. bxc3 Qg5 16. h4 Qf6 17. Qxb7 Bf5 18. Rfe1 e6 19. Qb4 {0-1 (70) Hou,Y (2584)-Bacrot,E (2721) Villarrobledo 2009}) 13... Qxd2 14. Bxg7 $2 $146 ({Predecessor:} 14. Nxd2 $17 Bxd4 15. c3 Bg7 16. Rfe1 e6 17. Rad1 d5 18. Nf3 Rfd8 19. Rd2 {0-1 (34) Walentukiewicz,M (2182)-Smirnov,A (2235) Rewal 2006}) 14... Qf4 15. Bxf8 Kxf8 ({But not} 15... Rxf8 16. Rfe1 $19) 16. Rfe1 Bc6 17. Ng3 h5 18. Re2 d5 19. Rae1 e6 20. c3 Ba4 (20... Rd8 $142 21. Nf1 a5) 21. Re3 (21. Nxh5 {is a better defense.} Qh4 22. Ng3) 21... Bxb3 22. axb3 a5 23. Ne2 Qb8 24. Nd4 a4 25. bxa4 Rxa4 26. Nf3 Ra2 27. R3e2 Qa7 28. Nd4 Ra1 29. Rxa1 Qxa1+ 30. Kh2 Qc1 31. g3 Qf1 32. Rd2 Ke7 33. Nf3 Kf6 34. h4 e5 35. Ng1 Ke6 36. Nf3 f6 37. Ng1 g5 38. hxg5 fxg5 39. Nh3 g4 40. Ng1 Kd6 41. Re2 e4 42. Rd2 Kc5 43. Re2 b6 44. Rd2 b5 45. b3 Qc1 46. b4+ Kd6 47. Rd4 Qxc3 48. Ne2 Qe1 0-1

[Event "9. Korbacher Open 2017"]
[Site "Korbach"]
[Date "2017.10.21"]
[Round "4"]
[White "Meyer, Marcel"]
[Black "Lehmann, Tim"]
[Result "1-0"]
[ECO "E97"]
[WhiteElo "1740"]
[BlackElo "1865"]
[Annotator "NA"]
[PlyCount "75"]
[EventDate "2017.??.??"]
[EventType "swiss"]
[EventCountry "GER"]
[SourceTitle "playchess.com"]
[Source "ChessBase"]
[SourceQuality "1"]
[TimeControl "40/5400+30:1800+30"]

1. d4 Nf6 2. c4 g6 3. Nc3 Bg7 4. e4 d6 5. Nf3 O-O 6. Be2 e5 7. O-O Nc6 8. d5 Ne7 9. b4 Nd7 10. Ne1 f5 {[%emt 0:00:27] E97: King's Indian: Classical Main Line (6...e5 7 0-0 Nc6): 8 Be3 and 8 d5 Ne7, not 9 Ne1} 11. Nd3 Nf6 12. f3 f4 13. c5 (13. a4 g5 14. a5 Ng6 15. c5 Rf7 16. c6 h5 17. cxb7 Bxb7 18. b5 Bc8 19. Nf2 Bh6 20. Ra4 {0-1 (33) Granda Zuniga,J (2640)-Milos,G (2593) Quito 2012}) 13... g5 {[%emt 0:03:27] LiveBook: 5 Games} 14. Ba3 Ng6 15. Rc1 Rf7 16. Nf2 h5 17. b5 (17. h3 $14) 17... b6 $146 ({Predecessor:} 17... Bf8 18. c6 b6 19. Bb4 Rg7 20. Nd3 g4 {½-½ (91) Severcan,S (1842)-Unver,C (2074) Konya 2016}) 18. cxd6 cxd6 19. Bb2 Bf8 20. a4 Rg7 21. Na2 (21. h3 $11 {hält das Gleichgewicht.}) 21... Nh4 22. Nb4 {[%emt 0:03:17] [#]} g4 $1 23. fxg4 Bxg4 24. Nxg4 Nxg4 25. Bxg4 Rxg4 26. Rf2 Qg5 27. Qc2 {[%emt 0:03:58] [#]} Rd8 (27... f3 $1 $17 28. g3 Qg6) 28. Rcf1 $2 (28. Kh1 $11 {and White is okay.}) 28... Rd7 29. g3 $2 (29. Kh1 $11) 29... Rg7 $2 (29... fxg3 30. Rxf8+ Kh7 31. R1f7+ Rxf7 32. Rxf7+ Kg6 33. hxg3 Rxg3+ 34. Kf1 Kxf7 35. Qc7+ Kg8 36. Qb8+ Kg7 37. Qxa7+ Kg6 38. Qxb6 Qf4+ 39. Qf2 Rf3) 30. Kh1 {[%emt 0:02:21] [#]} Be7 $2 (30... Ng6 $1 $19 31. Qc1 fxg3 32. Qxg5 Rxg5 33. hxg3 Rg4) 31. Bc1 $2 (31. Rxf4 $1 $11 exf4 32. Qc8+ Bd8 33. Bxg7 fxg3 34. Qe6+ Kh7 35. hxg3) 31... Qg6 32. Nc6 $2 (32. Bxf4 exf4 33. Rxf4 Rxf4 34. Rxf4) 32... Bf6 $17 (32... fxg3 $19 {and Black stays clearly on top.} 33. Nxe7+ Rxe7 34. Rf8+ Kg7) 33. Bxf4 $1 exf4 34. Rxf4 Be5 35. Nxe5 dxe5 36. Qc8+ Kh7 37. Rxg4 hxg4 38. Qc2 1-0